cohdb
Replays
Latest Replays
All Replays
Popular Replays
Top Player Replays
Match Explorer
How It Works
Community
CoH3 Stats
Reddit
Sign in to upload your games and track your stats! →
Sign in with Steam
Match 45726737
Unlisted
Match 45726737
Overview
Messages
Build Orders
End
Engineer Squad
Construct Barracks
Selects Airborne Battlegroup
Selects Heavy Machine Gun Paradrop
Engineer Squad
1⁄4-ton 4x4 Truck
1⁄4-ton 4x4 Truck
Heavy Machine Gun Paradrop
Air Support Center
Selects Paratrooper Squad Paradrop
Grasshopper Recon Run
Paratrooper Squad Paradrop
Construct Motor Pool
M8 Greyhound Armored Car
Grasshopper Recon Run
Construct Medical Station
Selects Anti-tank Gun Team Paradrop
Mortar Pit
M8 Greyhound Armored Car
Selects Recon Loiter
Grasshopper Recon Run
Grasshopper Recon Run
Anti-tank Gun Team Paradrop
Selects Supply Drop
Construct Tank Depot
Anti-tank Gun Team Paradrop
Supply Drop
M1 Mortar Team
M1 Mortar Team
Grasshopper Recon Run
M4A1 Sherman Medium Tank
Grasshopper Recon Run
.30 cal Machine Gun
Selects Carpet Bombing Run
Grasshopper Recon Run
M4A1 Sherman Medium Tank
Supply Drop
Grasshopper Recon Run
Anti-tank Gun Team Paradrop
Anti-tank Gun Team Paradrop
.30 cal Machine Gun
Grasshopper Recon Run
M4A1 Sherman Medium Tank
Carpet Bombing Run
Grasshopper Recon Run
.30 cal Machine Gun
M4A1 Sherman Medium Tank
Supply Drop
P-47 Strafing Run
Grasshopper Recon Run
M4A1 Sherman Medium Tank
Carpet Bombing Run
Carpet Bombing Run
INnoVation
Agnes Claudel
위험지역 총알택시
Seocheon
0
0
Comments
sign in to comment!
No comments posted yet!